 Dungeon Crawl Stone Soup version 0.31-a0-167-g1c394c0614 (webtiles) character file.

Game seed: 938597683227255123

76 Maxmaps the Trooper (level 4, -4/39 HPs)
             Began as a Demonspawn Monk on June 15, 2023.
             Slain by Natasha (5 damage)
             ... on level 2 of the Dungeon.
             The game lasted 00:01:19 (1215 turns).

Maxmaps the Trooper (Demonspawn Monk)               Turns: 1215, Time: 00:01:20

Health: -4/39      AC:  5    Str: 11    XL:     4   Next: 12%
Magic:  4/4        EV: 11    Int: 20    God:
Gold:   105        SH:  0    Dex: 15    Spells: 3/3 levels left

rFire   . . .        a - +0 falchion
rCold   . . .        d - orb {light}
rNeg    . . .        g - +0 ring mail
rPois   .            (no helmet)
rElec   .            (no cloak)
rCorr   .            (no gloves)
SInv    .            (no boots)
Will    .....        (no amulet)
Stlth   +            c - +6 ring of intelligence
HPRegen 0.26/turn    (no ring)
MPRegen 0.09/turn

%: no passive effects
@: slowed, glowing, very slow
A: foul stench 1, powered by death 1
a: no special abilities


You were on level 2 of the Dungeon.
You visited 1 branch of the dungeon, and saw 2 of its levels.

You collected 105 gold pieces.

Inventory:

Hand Weapons
 a - a +0 falchion (weapon)
Armour
 b - a +0 robe
 d - an orb of light (worn)
 g - a +0 ring mail (worn)
Jewellery
 c - a +6 ring of intelligence (left hand)
Scrolls
 e - a scroll of brand weapon {unknown}
 f - a scroll of noise {unknown}
 i - a scroll of amnesia {unknown}
 k - 2 scrolls of identify {unknown}
 l - a scroll of teleportation {unknown}
Potions
 h - a potion of magic {unknown}


   Skills:
 + Level 5.0 Fighting
 - Level 2.6 Long Blades
 - Level 2.6 Dodging


You had 3 spell levels left.
You didn't know any spells.
Your spell library was empty.

Dungeon Overview and Level Annotations

Branches:
Dungeon (2/15)

Altars:

Annotations:
D:2 Natasha


Innate Abilities, Weirdness & Mutations

You may rarely emit foul miasma when damaged in melee.
You regenerate a little health from kills.


Message History

You barely miss Natasha.
Natasha is lightly wounded.
The cerulean imp closely misses you.
The cerulean imp hits you from afar with a +0 spear.
Natasha claws you. The cerulean imp barely misses you.
You hit Natasha.
Natasha is heavily wounded.
The cerulean imp closely misses you. Natasha closely misses you.
The cerulean imp barely misses you.
The cerulean imp hits you from afar with a +0 spear.
Natasha casts a spell at you.
You feel as though you will be slow longer.
You barely miss Natasha.
Natasha is heavily wounded.
The cerulean imp barely misses you. The cerulean imp completely misses you.
Natasha claws you!
The cerulean imp hits you from afar with a +0 spear.
The cerulean imp hits you but does no damage.
Natasha claws you.
You hit Natasha but do no damage.
Natasha is heavily wounded.
The cerulean imp barely misses you.
The cerulean imp hits you from afar with a +0 spear.
* * * LOW HITPOINT WARNING * * *
Natasha claws you!
* * * LOW HITPOINT WARNING * * *
The cerulean imp closely misses you. x2
Natasha stares at you and mumbles some strange words.
You feel as though you will be slow longer.
Unknown command.
Unknown command.
You hit Natasha but do no damage.
Natasha is heavily wounded.
The cerulean imp barely misses you. The cerulean imp completely misses you.
Natasha closely misses you.
The cerulean imp hits you from afar with a +0 spear.
* * * LOW HITPOINT WARNING * * *
The cerulean imp hits you but does no damage.
Natasha claws you.
You die...

...### #.#
#.#.######.#.....# ...#
#.#####.#.# #.##.#..#
...# ###.#.......#
#.......## ...#
#......##.#.# ####......
...# ##.###..##.#.#
####.## ...# #..#
#.....#.####### #....
.).###..###....5#.#.....#
#..##
.............#..#.#.....#
#...#
..........#...5h@.......#
#...#
..........#..##)###.....#
#.... ...###.##.#..##.#
.....# ###.# ...#
#.......##.# ###### #)#
...# ####......># ##.#
...# ####.##### #..# ...#
#.......# #.## ...#
#.#####.# #.# ...### #.#
#.#### #.#


You could see Natasha and 2 cerulean imps.

Vanquished Creatures
  Natasha (D:2)
  An adder (D:2)
  8 endoplasms
  2 goblins (D:2)
  4 hobgoblins (D:1)
  2 quokkas
  5 ball pythons
  4 bats
  2 frilled lizards
  7 kobolds
  6 rats
42 creatures vanquished.

Notes
Turn   | Place    | Note
-------+----------+-------------------------------------------
     0 | D:1      | Maxmaps the Demonspawn Monk began the quest for the Orb.
     0 | D:1      | Reached XP level 1. HP: 18/18 MP: 1/1
    94 | D:1      | Found a faded altar of an unknown god.
   227 | D:1      | Gained mutation: You may rarely emit foul miasma when
                  | damaged in melee. [demonic ancestry]
   227 | D:1      | Reached XP level 2. HP: 24/24 MP: 2/2
   421 | D:1      | You fall into a shaft and drop 1 floor!
   462 | D:2      | Reached skill level 4 in Fighting
   648 | D:2      | Gained mutation: You regenerate a little health from kills.
                  | [demonic ancestry]
   648 | D:2      | Reached XP level 3. HP: 29/30 MP: 3/3
   778 | D:2      | Noticed Natasha
   801 | D:2      | Killed Natasha
   802 | D:2      | Reached XP level 4. HP: 14/38 MP: 4/4
   804 | D:2      | Reached skill level 5 in Fighting
  1206 | D:2      | Noticed Natasha
  1215 | D:2      | HP: 1/39 [cerulean imp/+0 spear[Natasha] (3)]
  1215 | D:2      | Slain by Natasha

Illustrated notes

Levels and vault maps discovered:
D:1:      ebering_trefoil_twist, layout_loops_cross,
          dreamdust_ecumenical_altar_hidden_monk_grotto
D:2:      layout_loops_cross, uniq_natasha

Skill      XL: |  1  2  3  4 |
---------------+-------------+-----
Fighting       | 4 5 |  5.0
Long Blades    | |  2.6
Dodging        | |  2.6

Action                     |  1- 3 |  4- 6 || total
---------------------------+-------+-------++-------
  Melee: Falchion          |    85 |    21 ||   106
    Use: Potion            |     2 |       ||     2
   Stab: Sleeping          |     1 |       ||     1
 Armour: Robe              |     5 |       ||     5
         Ring mail         |    31 |     8 ||    39
  Dodge: Dodged            |    55 |    20 ||    75

Table legend: (Time is in decaauts)
 A = Elapsed time spent in this place.
 B = Non-inter-level travel time spent in this place.
 C = Inter-level travel time spent in this place.
 D = Time resting spent in this place.
 E = Time spent auto-exploring this place.
 F = Levels seen in this place.
 G = Mean time per level.
                   A        B        C        D        E       F      G
               +--------+--------+--------+--------+--------+-----+--------+
         Total |   1234 |   1234 |      0 |    189 |    762 |   2 |  617.0 |
       Dungeon |   1234 |   1234 |      0 |    189 |    762 |   2 |  617.0 |
               +--------+--------+--------+--------+--------+-----+--------+

Top non-repeatable levels by time:
     D:1: 618 daAuts
     D:2: 616 daAuts
